Droon, chaotic male elven Priest ------------- ------ |............####### |....| |<..........| |/...| |............###### ------------- |..?.. ----.-------- # |`.........`| |.... ##......`......#### |.. |...-----...| # . # |.....{.|.... ################### |..`|{.{|`..| # # # # |...|.{.|...| ### ### |...-----...| # # # --+----- |.....`.....| ### ####I...?.%| |`.........`| # ###|......| ------------- ##+ ### ..I...| # ------- Droon the Acolyte Experience level: 5 Strength: 11 Dexterity: 12 Constitution: 16 Intelligence: 11 Wisdom: 20 Charisma: 7 Health: 0(42) Energy: 85(85) Def: 3 Gold: 0 Moves: 2341 Dungeon seed: sqiKdhawqYPRAERn Game ID: Droon_1614047864 Your Inventory: Weapons a - a blessed corroded +1 mace (weapon in hand) p - 14 +0 darts A - 6 blessed +1 ya E - a blessed +0 elven spear L - a +0 orcish dagger M - a +0 elven dagger P - a +0 crossbow (alternate weapon; not wielded) Q - 12 blessed +1 crossbow bolts (in quiver) Armor e - a +0 robe (being worn) n - a +0 small shield (being worn) O - a +0 dwarvish cloak Y - a +0 orcish helm Comestibles c - 2 cloves of garlic d - a sprig of wolfsbane l - 4 food rations J - a slime mold Scrolls i - a scroll of fire v - a scroll of punishment x - a blessed scroll of teleportation y - a blessed scroll of enchant weapon Spellbooks g - a spellbook of cure sickness Potions b - 4 potions of holy water Rings j - a ring of slow digestion Wands t - a wand of opening (0:6) G - a wand of light (0:11) Tools h - a tooled horn r - 5 tallow candles (0:200) Gems q - a worthless piece of white glass N - a fluorite stone Spells and supernatural/magical abilities: Name Level Category Fail Memory K - cure sickness 3 healing 50% 89% O - create monster 2 clerical 0% 89% W - pray for help -- divine ? -- X - turn undead -- divine ? -- Your skills at the end: Fighting Skills Weapon Skills mace [Basic] Spellcasting Skills clerical spells [Basic] Final Attributes: You were piously aligned. You were sleep resistant. You were hallucinating. You were confused. You were blinded. You had infravision. You were levitating. You are dead. Vanquished creatures: a small mimic a leprechaun a housecat a pony a gnome lord a guardian naga hatchling a gray ooze 2 acid blobs a gas spore a hobbit a large kobold 3 giant rats 2 yellow molds a green mold a gnome zombie a gecko 5 jackals 2 foxes a kobold 3 goblins 2 sewer rats 7 grid bugs a bat 3 lichens a kobold zombie 3 newts and a partridge in a pear tree 48 creatures vanquished. Voluntary challenges: You had been an atheist until turn 2312. You used a wielded weapon 55 times, starting on turn 2. You read items or engraved 1 time, starting on turn 1507. You never genocided any monsters. You never polymorphed an object. You never changed form. You used no wishes. You never split a pudding. You never wrote Elbereth's name. You never violated your personal moral code. Dungeon overview: The Dungeons of Doom: levels 1 to 7 Level 1 a fountain a long staircase Level 2 Level 3 Level 4 a fountain a long staircase Level 5 a general store, a fountain Level 6 Level 7 <- You were here many fountains History has recorded: On T:1 you entered the Dungeons of Doom to retrieve the Amulet of Yendor! On T:214 you reached level 2 of The Dungeons of Doom. On T:341 you advanced to experience level 2. On T:501 you reached level 3 of The Dungeons of Doom. On T:798 you reached level 4 of The Dungeons of Doom. On T:982 you advanced to experience level 3. On T:1213 you reached level 5 of The Dungeons of Doom. On T:1496 you advanced to experience level 4. On T:1664 you reached level 6 of The Dungeons of Doom. On T:2064 you advanced to experience level 5. On T:2085 you reached level 7 of The Dungeons of Doom. Score breakdown: Gold: 0 ( 0 points) Experience: 5 levels (11141 points) Exploration: 7 levels ( 15.22%) (10954 points) Discoveries: 5 items ( 1.75%) ( 3966 points) Valuables value: (no points given unless you survive) Artifact value: 0 ( 0 points) Variety of kills: 26 monsters ( 6.82%) ( 7836 points) Turncount: 2341 turns ( -233 points) Survival: died (score multiplied by 80%) Total score: 26931 Latest messages: (You can name a swirly potion from the item naming menu.) You hear some noises. You hear some noises in the distance. You have a sad feeling for a moment, then it passes. A cloud of darkness falls upon you. Oh wow! Everything feels so cosmic! What a trippy feeling! (You can name a dark green potion from the item naming menu.) You hear water falling on coins. You hear some noises. It bites! (2x) You attack thin air. It bites! You die... Final status: Goodbye Droon the Priest, killed by a giant spider... You died in The Dungeons of Doom on dungeon level 7 with 26931 points, and 0 pieces of gold, after 2341 moves. You were level 5 with a maximum of 42 hit points when you died.